 Dungeon Crawl Stone Soup version 0.29.0-4-gdea44cf6ec (webtiles) character file.

Game seed: 16727416320344555051

31240 qw the Cleaver (level 13, -4/84 HPs)
             Began as a Gargoyle Fighter on Sept 8, 2022.
             Was an Elder of Okawaru.
             Slain by a wolf (10 damage)
             ... on level 5 of the Lair of Beasts.
             The game lasted 00:06:28 (16714 turns).

qw the Cleaver (Gargoyle Fighter)                  Turns: 16714, Time: 00:06:28

Health: -4/84      AC:  0    Str: 29    XL:     13   Next: 56%
Magic:  19/20      EV: 15    Int:  8    God:    Okawaru [****..]
Gold:   562        SH:  5    Dex:  8    Spells: 12/12 levels left

rFire   . . .      SeeInvis .     - Unarmed
rCold   . . .      Faith    .   (shield currently unavailable)
rNeg    + . .      Spirit   .   (body armour currently unavailable)
rPois   inf        Reflect  +   (helmet currently unavailable)
rElec   .          Harm     .   (cloak currently unavailable)
rCorr   .          Rampage  .   (gloves currently unavailable)
Will    .....                   (boots currently unavailable)
Stlth   ++........              s - amulet of reflection
HPRegen 0.24/turn               (ring currently unavailable)
MPRegen 0.17/turn               (ring currently unavailable)

@: about to teleport, pig-form, heroic, slowed
A: fast, no casting, sickness immunity, AC +9, small, negative energy resistance
1, (electricity resistance), torment resistance 1, petrification resistance,
(antennae 1), strong 1
a: Renounce Religion, Heroism, Finesse


You were on level 5 of the Lair of Beasts.
You worshipped Okawaru.
Okawaru was greatly pleased with you.
You were a filthy swine.
You visited 3 branches of the dungeon, and saw 16 of its levels.

You collected 862 gold pieces.
You spent 300 gold pieces at shops.


Innate Abilities, Weirdness & Mutations

You are a filthy swine.
You move quickly.
Your equipment is almost entirely melded.
You are incapable of wielding weapons or throwing items.
You cannot cast spells.
You are immune to sickness and miasma.
((Your stone body is resilient. (AC +9)))
You are immune to poison.
You resist negative energy. (rN+)
((You are resistant to electric shocks. (rElec)))
You are resistant to unholy torment.
You are immune to petrification.
((You have a pair of small antennae on your head.))
Your muscles are strong. (Str +4, Int/Dex -1)


   Skills:
 - Level 11.0(16.0) Fighting
 - Level 14.0(19.0) Axes
 - Level 1.4(6.4) Throwing
 - Level 8.9(13.9) Armour
 - Level 2.0(7.0) Dodging
 + Level 9.0(14.0) Shields
 - Level 10.0 Invocations


You had 12 spell levels left.
You didn't know any spells.
Your spell library was empty.

Inventory:

Hand Weapons
 r - a +0 morningstar (melded)
 Y - a +3 broad axe
Armour
 b - a +0 pair of gloves (melded)
 f - a +0 cloak (melded)
 g - a +1 pair of boots (melded)
 o - the +1 kite shield of Giazisua (melded) {rPois}
   (Okawaru gifted it to you on level 3 of the Lair of Beasts)

   rPois:     It protects you from poison.
 u - a +2 plate armour of cold resistance (melded)
Jewellery
 q - a +4 ring of slaying (melded) {mikee}
 s - an amulet of reflection (around neck)
Scrolls
 a - 6 scrolls of identify
 e - 5 scrolls of teleportation
 k - a scroll of fog
Potions
 d - 6 potions of might
 h - 5 potions of attraction
 i - 8 potions of curing
 j - 4 potions of haste
 l - a potion of mutation
 m - 4 potions of heal wounds
 n - 7 potions of lignification
 p - a potion of resistance

Dungeon Overview and Level Annotations

Branches:
Dungeon (10/15)            Temple (1/1) D:7            Lair (5/5) D:9
  Swamp (0/4) Lair:2        Snake (0/4) Lair:2        Slime (0/5) Lair:4
    Orc: D:9-12

Altars:
Ashenzari
Cheibriados
Dithmenos
Elyvilon
Fedhas
Gozag
Hepliaklqana
Kikubaaqudgha
Makhleb
Nemelex Xobeh
Okawaru
Qazlal
Ru
Sif Muna
Trog
Uskayaw
Vehumet
Wu Jian
Xom
Yredelemnul
Zin
The Shining One

Shops:
D:5 =   D:7 ([=

Annotations:
D:4 1 runed translucent door, qw's ghost, amateur MiFi
D:10 1 transporter
Lair:5 Kirke


Message History

The hog attacks as you move away! The hog bites you!
The hog bites the fungus.
16707 ||| READING 7 scrolls of teleportation.
As you read the scroll of teleportation, it crumbles to dust.
You feel strangely unstable.
A nearby fungus withers and dies.
The yak gores the fungus!
The fungus begins to die.
The lindwurm bites the fungus!
The lindwurm claws the fungus!
The lindwurm claws the fungus.
Kirke completely misses you.
The lindwurm bites the fungus!!
The lindwurm claws the fungus!
The lindwurm claws the fungus.
16708 ||| DRINKING 5 potions of heal wounds.
You feel much better. The hog bites you. The yak closely misses you.
Kirke barely misses you.
The lindwurm bites the fungus!
The lindwurm claws the fungus. x2
The hog bites the fungus!
The hog bites you.
You barely miss the hog.
The hog is heavily wounded.
Your surroundings suddenly seem different. 2 wolves come into view.
You feel like a meek peon again.
The wolf howls!
You hear a howl! x2; You hear a loud, deep croak!
A wolf comes into view. x2
16710 ||| INVOKING Heroism.
You gain the combat prowess of a mighty hero.
You bite the wolf!
The wolf is severely wounded.
The wolf barely misses you. x2
The wolf howls! x2
You hit the wolf but do no damage.
The wolf is heavily wounded.
You block the wolf's attack. The wolf barely misses you.
You barely miss the wolf.
The wolf is heavily wounded.
The wolf bites you! x2; The wolf misses you.
The wolf closely misses you.
16714 ||| READING 6 scrolls of teleportation.
As you read the scroll of teleportation, it crumbles to dust.
You feel strangely unstable. The wolf bites you. You block the wolf's attack.
The wolf misses you. The wolf barely misses you. The wolf bites you!
You die...

.......
.......
#......
.#.....
.......
....... ##
#.....h#h#
#....hh#
#......##
##.....
######


You could see 3 wolves.

Vanquished Creatures
  A boulder beetle (Lair:3)
  5 hydras
  7 death yaks (Lair:3)
  A bog body (Lair:4)
  11 elephants
  Joseph (D:9)
  7 cane toads
  4 black mambas
  6 rime drakes
  A komodo dragon (Lair:3)
  2 ice devils
  2 trolls
  2 hornets
  Prince Ribbit (D:5)
  5 polar bears
  22 yaks
  A shadow (D:10)
  3 wyverns
  3 basilisks (Lair:2)
  A steam dragon (D:8)
  A hog (Lair:5)
  2 nagas (Lair:2)
  An acid dragon (D:10)
  Edmund (D:5)
  9 water moccasins
  6 orc warriors
  3 ice beasts
  A sky beast (D:7)
  3 centaurs
  4 ogres
  6 wolves
  2 kobold brigands
  A necrophage (D:6)
  2 gnoll sergeants
  13 bullfrogs
  2 scorpions
  2 two-headed ogre simulacra (Lair:4)
  A cane toad simulacrum (Lair:4)
  A jelly (D:5)
  5 wights (D:8)
  13 killer bees
  An elephant simulacrum (Lair:4)
  5 howler monkeys
  2 electric eels
  8 orc priests
  2 gnoll boudas
  3 hounds
  4 iguanas
  8 orc wizards
  2 spriggan simulacra (Lair:4)
  9 adders
  14 gnolls
  A shadow imp (D:6)
  2 white imps
  2 worms
  4 dart slugs
  37 orcs
  3 bats
  7 endoplasms
  4 giant cockroaches
  4 goblins
  5 hobgoblins
  5 quokkas
  6 ball pythons
  7 frilled lizards (D:2)
  16 kobolds
  6 rats
332 creatures vanquished.

Vanquished Creatures (others)
  A wight (D:8)
  10 fungi
  37 plants
  4 toadstools (D:1)
52 creatures vanquished.

Grand Total: 384 creatures vanquished

Notes
Turn   | Place    | Note
-------+----------+-------------------------------------------
     0 | D:1      | qw the Gargoyle Fighter began the quest for the Orb.
     0 | D:1      | Reached XP level 1. HP: 14/14 MP: 1/1
     0 | D:1      | 0 ||| qw: Version: 0.1-a-112-g44dc6cd
     0 | D:1      | 0 ||| qw: Game counter: 6846
     0 | D:1      | 0 ||| qw: Always use a shield: true
     0 | D:1      | 0 ||| qw: God list: Okawaru
     0 | D:1      | 0 ||| qw: Allow faded altars: false
     0 | D:1      | 0 ||| qw: Do Orc after D:15 true
     0 | D:1      | 0 ||| qw: Do second Lair branch before Depths: true
     0 | D:1      | 0 ||| qw: Lair rune preference: random
     0 | D:1      | 0 ||| qw: Plans: Normal, Zot, God:TSO, Crypt, Tomb, Zig,
                  | Orb
     0 | D:1      | 0 ||| PLANNING D:1-11
   114 | D:1      | Reached skill level 2 in Axes
   429 | D:1      | 429 ||| UPGRADING to +0 cloak.
   434 | D:1      | 434 ||| READING 2 scrolls labelled LUTERPH SEIWIA.
   435 | D:1      | 435 ||| READING scroll labelled CIAJAS GEL ANE.
   438 | D:1      | 438 ||| READING scroll labelled YTRAOTRYRER.
   439 | D:1      | 439 ||| DRINKING 2 purple potions.
   440 | D:1      | 440 ||| DROPPING potion of degeneration.
   456 | D:2      | 456 ||| STAIRDANCE
   526 | D:2      | 526 ||| STAIRDANCE
   532 | D:1      | Reached XP level 2. HP: 17/19 MP: 2/2
   728 | D:2      | Reached skill level 3 in Axes
   749 | D:2      | Reached XP level 3. HP: 23/23 MP: 3/3
   779 | D:2      | 779 ||| FLEEEEING.
   851 | D:2      | Found a snail-covered altar of Cheibriados.
  1350 | D:2      | 1350 ||| Stepping ~*~*~tactically~*~*~ (stealth).
  1391 | D:2      | Reached XP level 4. HP: 28/28 MP: 4/4
  1397 | D:2      | 1397 ||| Stepping ~*~*~tactically~*~*~ (stealth).
  1472 | D:2      | 1472 ||| UPGRADING to +1 pair of boots.
  1477 | D:2      | 1477 ||| READING scroll labelled TAEMOS NOE.
  1478 | D:2      | 1478 ||| READING 3 scrolls of identify.
  1478 | D:2      | 1478 ||| IDENTIFYING glowing purple potion
  1479 | D:2      | 1479 ||| READING 2 scrolls of identify.
  1479 | D:2      | 1479 ||| IDENTIFYING bubbling pink potion
  1480 | D:2      | 1480 ||| DROPPING potion of magic.
  1596 | D:3      | Reached skill level 4 in Axes
  1665 | D:3      | 1665 ||| DROPPING +0 whip.
  1806 | D:3      | 1806 ||| Stepping ~*~*~tactically~*~*~ (stealth).
  1809 | D:3      | 1809 ||| Stepping ~*~*~tactically~*~*~ (stealth).
  1824 | D:3      | 1824 ||| FLEEEEING.
  1831 | D:3      | 1831 ||| FLEEEEING.
  1832 | D:3      | 1832 ||| FLEEEEING.
  1835 | D:3      | 1835 ||| FLEEEEING.
  1836 | D:3      | 1836 ||| FLEEEEING.
  1837 | D:3      | 1837 ||| FLEEEEING.
  1838 | D:3      | 1838 ||| FLEEEEING.
  1839 | D:3      | 1839 ||| FLEEEEING.
  1840 | D:3      | 1840 ||| FLEEEEING.
  1841 | D:3      | 1841 ||| FLEEEEING.
  1843 | D:3      | 1843 ||| FLEEEEING.
  1844 | D:3      | 1844 ||| FLEEEEING.
  1847 | D:3      | 1847 ||| FLEEEEING.
  1848 | D:3      | 1848 ||| FLEEEEING.
  1849 | D:3      | 1849 ||| FLEEEEING.
  1854 | D:3      | 1854 ||| FLEEEEING.
  1869 | D:3      | Reached XP level 5. HP: 21/32 MP: 5/5
  2117 | D:3      | 2117 ||| Stepping ~*~*~tactically~*~*~ (stealth).
  2218 | D:3      | Identified the +2 helmet of Lofaast {rC+ Regen+ Str-3 SInv}
  2559 | D:3      | 2559 ||| UPGRADING to +0 helmet.
  2564 | D:3      | 2564 ||| UPGRADING to +2 helmet of Lofaast {rC+ Regen+
                  | Str-3 SInv}.
  2574 | D:3      | 2574 ||| DROPPING +0 helmet.
  2575 | D:3      | 2575 ||| UPGRADING to +0 chain mail.
  2585 | D:3      | 2585 ||| DROPPING +0 scale mail.
  2586 | D:3      | 2586 ||| READING scroll labelled XICHUQAFEU.
  2587 | D:3      | 2587 ||| READING scroll labelled JIRYEF CURUL.
  2593 | D:3      | 2593 ||| READING scroll labelled XAURUI PAKEL.
  2637 | D:4      | 2637 ||| Stepping ~*~*~tactically~*~*~ (stealth).
  2639 | D:4      | 2639 ||| Stepping ~*~*~tactically~*~*~ (stealth).
  2644 | D:4      | 2644 ||| Stepping ~*~*~tactically~*~*~ (hiding).
  2650 | D:4      | Reached skill level 5 in Axes
  2733 | D:4      | 2733 ||| Stepping ~*~*~tactically~*~*~ (hiding).
  2965 | D:4      | 2965 ||| SWAPPING to +0 broad axe.
  2966 | D:4      | 2966 ||| DROPPING +0 war axe of electrocution.
  3011 | D:4      | 3011 ||| Stepping ~*~*~tactically~*~*~ (hiding).
  3020 | D:4      | Reached XP level 6. HP: 38/38 MP: 6/6
  3413 | D:4      | Found a runed translucent door.
  3415 | D:4      | Noticed qw's ghost (amateur MiFi)
  3418 | D:4      | 3418 ||| UPGRADING to amulet of regeneration.
  3423 | D:4      | 3423 ||| READING scroll labelled FATAKE BOJULIA.
  3445 | D:5      | Entered Level 5 of the Dungeon
  3449 | D:5      | 3449 ||| STAIRDANCE
  3513 | D:5      | Noticed Prince Ribbit
  3531 | D:5      | HP: 9/38 [Prince Ribbit (9)]
  3534 | D:5      | HP: 2/38 [Prince Ribbit (13)]
  3535 | D:5      | 3535 ||| READING 2 scrolls of teleportation.
  3562 | D:5      | Noticed a hornet
  3582 | D:5      | Killed a hornet
  3583 | D:5      | Reached skill level 6 in Axes
  3583 | D:5      | Reached XP level 7. HP: 26/43 MP: 7/7
  3639 | D:5      | HP: 7/43 [ogre/+0 giant club (22)]
  3640 | D:5      | 3640 ||| READING scroll of teleportation.
  3886 | D:5      | Killed Prince Ribbit
  3887 | D:5      | Reached skill level 7 in Axes
  3951 | D:5      | Reached XP level 8. HP: 49/49 MP: 8/8
  4293 | D:5      | Found Zengutwi's Jewellery Shoppe.
  4311 | D:5      | 4311 ||| SHOPLISTING +4 ring of slaying (780 gold, have
                  | 302).
  4311 | D:5      | 4311 ||| SHOPLISTING +6 ring of dexterity (360 gold, have
                  | 302).
  4311 | D:5      | 4311 ||| BUYING amulet of reflection (300 gold).
  4311 | D:5      | Bought an amulet of reflection for 300 gold pieces
  4311 | D:5      | 4311 ||| SHOPLISTING ring of Honesty {rF+ Str+2} (362 gold,
                  | have 2).
  4311 | D:5      | 4311 ||| SHOPLISTING ring of fire (250 gold, have 2).
  4311 | D:5      | 4311 ||| SHOPLISTING ring of protection from cold (250
                  | gold, have 2).
  4311 | D:5      | 4311 ||| SHOPLISTING ring of resist corrosion (200 gold,
                  | have 2).
  4356 | D:5      | 4356 ||| Stepping ~*~*~tactically~*~*~ (stealth).
  4357 | D:5      | 4357 ||| Stepping ~*~*~tactically~*~*~ (stealth).
  4359 | D:5      | 4359 ||| Stepping ~*~*~tactically~*~*~ (hiding).
  4365 | D:5      | Noticed Edmund
  4371 | D:5      | Killed Edmund
  4376 | D:5      | 4376 ||| DROPPING +0 flail.
  4708 | D:5      | Reached skill level 8 in Axes
  4727 | D:5      | 4727 ||| UPGRADING to amulet of reflection.
  4737 | D:5      | 4737 ||| DROPPING amulet of regeneration.
  4738 | D:5      | 4738 ||| UPGRADING to +4 ring of slaying {mikee}.
  4739 | D:5      | 4739 ||| READING scroll labelled LUINWE KADGH.
  4740 | D:5      | 4740 ||| READING scroll labelled ROMAIL LEILY.
  4741 | D:5      | 4741 ||| DRINKING 4 blue potions.
  4796 | D:5      | 4796 ||| READING 4 scrolls of identify.
  4796 | D:5      | 4796 ||| IDENTIFYING silvery potion
  4797 | D:5      | 4797 ||| READING 3 scrolls of identify.
  4797 | D:5      | 4797 ||| IDENTIFYING smoky pink potion
  4798 | D:5      | 4798 ||| READING 2 scrolls of identify.
  4798 | D:5      | 4798 ||| IDENTIFYING fuming dark potion
  4799 | D:5      | 4799 ||| DROPPING potion of brilliance.
  4850 | D:6      | Reached skill level 6 in Fighting
  5069 | D:6      | 5069 ||| Stepping ~*~*~tactically~*~*~ (hiding).
  5077 | D:6      | 5077 ||| FLEEEEING.
  5078 | D:6      | 5078 ||| FLEEEEING.
  5079 | D:6      | 5079 ||| FLEEEEING.
  5080 | D:6      | 5080 ||| FLEEEEING.
  5081 | D:6      | 5081 ||| FLEEEEING.
  5082 | D:6      | 5082 ||| FLEEEEING.
  5083 | D:6      | 5083 ||| FLEEEEING.
  5084 | D:6      | 5084 ||| FLEEEEING.
  5085 | D:6      | 5085 ||| FLEEEEING.
  5321 | D:6      | 5321 ||| DROPPING +2 flail of holy wrath.
  5324 | D:6      | 5324 ||| Stepping ~*~*~tactically~*~*~ (hiding).
  5329 | D:6      | 5329 ||| Stepping ~*~*~tactically~*~*~ (stealth).
  5350 | D:6      | 5350 ||| Stepping ~*~*~tactically~*~*~ (stealth).
  5380 | D:6      | Reached XP level 9. HP: 55/55 MP: 9/9
  5410 | D:6      | 5410 ||| Stepping ~*~*~tactically~*~*~ (hiding).
  5812 | D:6      | Noticed a troll
  5813 | D:6      | Noticed a five-headed hydra
  5817 | D:6      | 5817 ||| SWAPPING to +0 morningstar.
  5819 | D:6      | 5819 ||| Stepping ~*~*~tactically~*~*~ (outnumbered).
  5820 | D:6      | 5820 ||| Stepping ~*~*~tactically~*~*~ (outnumbered).
  5828 | D:6      | Killed a five-headed hydra
  5829 | D:6      | Reached skill level 9 in Axes
  5829 | D:6      | 5829 ||| SWAPPING to +1 broad axe.
  5837 | D:6      | Killed a troll
  5950 | D:6      | 5950 ||| READING scroll labelled SUPLADO WOVIU.
  5951 | D:6      | 5951 ||| READING scroll labelled DAMISHREPPA.
  5952 | D:6      | 5952 ||| READING scroll labelled DAUMIDGHEAMI.
  5953 | D:6      | 5953 ||| READING scroll labelled ESOILE MOTONTEOLL.
  5954 | D:6      | 5954 ||| DRINKING 2 viscous blue potions.
  5955 | D:6      | 5955 ||| READING 4 scrolls of identify.
  5955 | D:6      | 5955 ||| IDENTIFYING amethyst potion
  5956 | D:6      | 5956 ||| DROPPING potion of flight.
  6009 | D:7      | 6009 ||| Stepping ~*~*~tactically~*~*~ (stealth).
  6010 | D:7      | 6010 ||| Stepping ~*~*~tactically~*~*~ (stealth).
  6013 | D:7      | 6013 ||| Stepping ~*~*~tactically~*~*~ (stealth).
  6013 | D:7      | Found a staircase to the Ecumenical Temple.
  6014 | D:7      | 6014 ||| PLANNING TEMPLE
  6026 | Temple   | Entered the Ecumenical Temple
  6161 | Temple   | 6161 ||| PLANNING D:1-11
  6210 | D:7      | 6210 ||| Stepping ~*~*~tactically~*~*~ (stealth).
  6217 | D:7      | 6217 ||| Stepping ~*~*~tactically~*~*~ (stealth).
  6227 | D:7      | 6227 ||| Stepping ~*~*~tactically~*~*~ (stealth).
  6393 | D:7      | Found Puwy's Antique Weapon Boutique.
  6395 | D:7      | Found Retiofoo's Assorted Antiques.
  6397 | D:7      | Reached skill level 10 in Axes
  6397 | D:7      | Found Sosefuc's Jewellery Emporium.
  6397 | D:7      | Found Xalumpi's Armour Boutique.
  6406 | D:7      | 6406 ||| SHOPLISTING +4 ring of protection (504 gold, have
                  | 88).
  6406 | D:7      | 6406 ||| SHOPLISTING ring of fire (350 gold, have 88).
  6406 | D:7      | 6406 ||| SHOPLISTING ring of positive energy (280 gold,
                  | have 88).
  6406 | D:7      | 6406 ||| SHOPLISTING ring of protection from fire (350
                  | gold, have 88).
  6449 | D:7      | 6449 ||| SHOPLISTING +0 plate armour (299 gold, have 88).
  6449 | D:7      | 6449 ||| SHOPLISTING +1 chain mail of the Realm of Zot
                  | {Dex+3} (296 gold, have 88).
  6449 | D:7      | 6449 ||| SHOPLISTING +3 ring mail of Lugonu's Regard {rF++
                  | Str+2 Dex-5 Slay+2} (592 gold, have 88).
  6453 | D:7      | 6453 ||| SHOPLISTING smouldering broad axe (207 gold, have
                  | 88).
  6468 | D:7      | 6468 ||| Stepping ~*~*~tactically~*~*~ (stealth).
  6474 | D:7      | 6474 ||| Stepping ~*~*~tactically~*~*~ (stealth).
  6516 | D:7      | Reached skill level 6 in Armour
  6684 | D:7      | 6684 ||| Stepping ~*~*~tactically~*~*~ (hiding).
  6739 | D:7      | Reached XP level 10. HP: 63/63 MP: 10/10
  6874 | D:8      | 6874 ||| Stepping ~*~*~tactically~*~*~ (stealth).
  7089 | D:8      | 7089 ||| READING scroll of enchant weapon.
  7089 | D:8      | 7089 ||| ENCHANTING +1 broad axe.
  7223 | D:8      | 7223 ||| Stepping ~*~*~tactically~*~*~ (hiding).
  7228 | D:8      | 7228 ||| Stepping ~*~*~tactically~*~*~ (hiding).
  7268 | D:8      | Identified the amulet of Wiule {Spirit +Blink +Inv Str-2}
  7289 | D:8      | 7289 ||| Stepping ~*~*~tactically~*~*~ (hiding).
  7413 | D:8      | 7413 ||| Stepping ~*~*~tactically~*~*~ (stealth).
  7590 | D:8      | 7590 ||| Stepping ~*~*~tactically~*~*~ (stealth).
  7592 | D:8      | 7592 ||| Stepping ~*~*~tactically~*~*~ (stealth).
  7594 | D:8      | 7594 ||| Stepping ~*~*~tactically~*~*~ (hiding).
  7650 | D:8      | 7650 ||| UPGRADING to +0 plate armour.
  7660 | D:8      | 7660 ||| DROPPING +0 chain mail.
  7661 | D:8      | 7661 ||| DROPPING amulet of Wiule {Spirit +Blink +Inv
                  | Str-2}.
  7662 | D:8      | 7662 ||| DRINKING 2 sapphire potions.
  7662 | D:8      | Gained mutation: You have a pair of small antennae on your
                  | head. [potion of mutation]
  7662 | D:8      | Gained mutation: Your muscles are strong. (Str +4, Int/Dex
                  | -1) [potion of mutation]
  7663 | D:8      | 7663 ||| DROPPING +2 helmet of Lofaast {rC+ Regen+ Str-3
                  | SInv}.
  7823 | D:9      | 7823 ||| Stepping ~*~*~tactically~*~*~ (stealth).
  7827 | D:9      | 7827 ||| Stepping ~*~*~tactically~*~*~ (hiding).
  7830 | D:9      | 7830 ||| Stepping ~*~*~tactically~*~*~ (hiding).
  7838 | D:9      | 7838 ||| Stepping ~*~*~tactically~*~*~ (hiding).
  7840 | D:9      | 7840 ||| Stepping ~*~*~tactically~*~*~ (hiding).
  7841 | D:9      | 7841 ||| Stepping ~*~*~tactically~*~*~ (hiding).
  8038 | D:9      | 8038 ||| FLEEEEING.
  8039 | D:9      | 8039 ||| STAIRDANCE
  8139 | D:9      | Found a staircase to the Lair.
  8233 | D:9      | 8233 ||| Stepping ~*~*~tactically~*~*~ (hiding).
  8244 | D:9      | Reached skill level 11 in Axes
  8281 | D:9      | 8281 ||| Stepping ~*~*~tactically~*~*~ (stealth).
  8283 | D:9      | 8283 ||| Stepping ~*~*~tactically~*~*~ (stealth).
  8295 | D:9      | 8295 ||| FLEEEEING.
  8296 | D:9      | 8296 ||| FLEEEEING.
  8297 | D:9      | 8297 ||| FLEEEEING.
  8298 | D:9      | 8298 ||| FLEEEEING.
  8299 | D:9      | 8299 ||| FLEEEEING.
  8300 | D:9      | 8300 ||| FLEEEEING.
  8301 | D:9      | 8301 ||| FLEEEEING.
  8302 | D:9      | 8302 ||| FLEEEEING.
  8303 | D:9      | 8303 ||| FLEEEEING.
  8304 | D:9      | 8304 ||| FLEEEEING.
  8305 | D:9      | 8305 ||| FLEEEEING.
  8306 | D:9      | 8306 ||| FLEEEEING.
  8365 | D:9      | Noticed Joseph
  8377 | D:9      | Reached skill level 9 in Fighting
  8383 | D:9      | Killed Joseph
  8446 | D:9      | 8446 ||| FLEEEEING.
  8645 | D:9      | Reached XP level 11. HP: 51/71 MP: 11/11
  8801 | D:9      | Reached skill level 1 in Throwing
  9088 | D:9      | You fall into a shaft and drop 1 floor!
  9088 | D:10     | Entered Level 10 of the Dungeon
  9139 | D:10     | Identified the +5 chain mail "Neceaw" {rElec}
  9441 | D:10     | 9441 ||| DROPPING orb of light.
  9442 | D:10     | 9442 ||| UPGRADING to +5 chain mail "Neceaw" {rElec}.
  9452 | D:10     | 9452 ||| DROPPING +0 plate armour.
  9453 | D:10     | 9453 ||| READING scroll labelled COHOHO DAWKOPO.
  9454 | D:10     | 9454 ||| Stepping ~*~*~tactically~*~*~ (hiding).
  9467 | D:10     | 9467 ||| READING 5 scrolls of identify.
  9467 | D:10     | 9467 ||| IDENTIFYING gluggy clear potion
  9468 | D:10     | 9468 ||| DROPPING potion of berserk rage.
  9687 | D:10     | 9687 ||| READING scroll of enchant weapon.
  9687 | D:10     | 9687 ||| ENCHANTING +2 broad axe.
  9957 | D:10     | Found a transporter.
  9979 | D:10     | Found an opulent altar of Gozag.
 10052 | D:10     | Found a sacrificial altar of Ru.
 10052 | D:10     | Found a glowing silver altar of Zin.
 10060 | D:10     | Found a faded altar of an unknown god.
 10062 | D:10     | Found an iron altar of Okawaru.
 10064 | D:10     | Found a faded altar of an unknown god.
 10068 | D:10     | Became a worshipper of Warmaster Okawaru
 10097 | D:10     | 10097 ||| PLANNING LAIR
 10194 | Lair:1   | Entered Level 1 of the Lair of Beasts
 10202 | Lair:1   | Reached skill level 12 in Axes
 10387 | Lair:1   | Noticed a four-headed hydra
 10391 | Lair:1   | 10391 ||| SWAPPING to +0 morningstar.
 10399 | Lair:1   | Killed a four-headed hydra
 10399 | Lair:1   | Reached * piety under Okawaru
 10400 | Lair:1   | Reached skill level 6 in Shields
 10400 | Lair:1   | 10400 ||| SWAPPING to +3 broad axe.
 10633 | Lair:1   | 10633 ||| INVOKING Heroism.
 10653 | Lair:1   | 10653 ||| Stepping ~*~*~tactically~*~*~ (hiding).
 10654 | Lair:1   | 10654 ||| Stepping ~*~*~tactically~*~*~ (hiding).
 10666 | Lair:1   | Reached skill level 1 in Invocations
 10729 | Lair:1   | 10729 ||| INVOKING Heroism.
 10795 | Lair:1   | 10795 ||| INVOKING Heroism.
 11046 | Lair:1   | 11046 ||| Stepping ~*~*~tactically~*~*~ (stealth).
 11049 | Lair:1   | Reached skill level 3 in Invocations
 11156 | Lair:1   | 11156 ||| INVOKING Heroism.
 11312 | Lair:1   | 11312 ||| UPGRADING to +0 pair of gloves.
 11317 | Lair:1   | 11317 ||| READING 6 scrolls of identify.
 11317 | Lair:1   | 11317 ||| IDENTIFYING viscous silvery potion
 11318 | Lair:1   | 11318 ||| DROPPING potion of ambrosia.
 11372 | Lair:2   | 11372 ||| PLANNING GAUNTLET
 11387 | Lair:2   | 11387 ||| DROPPING +1 vorpal war axe.
 11394 | Lair:2   | 11394 ||| Stepping ~*~*~tactically~*~*~ (stealth).
 11396 | Lair:2   | 11396 ||| INVOKING Heroism.
 11415 | Lair:2   | Reached ** piety under Okawaru
 11457 | Lair:2   | 11457 ||| Stepping ~*~*~tactically~*~*~ (hiding).
 11457 | Lair:2   | Found a staircase to the Snake Pit.
 11459 | Lair:2   | 11459 ||| Stepping ~*~*~tactically~*~*~ (hiding).
 11461 | Lair:2   | 11461 ||| Stepping ~*~*~tactically~*~*~ (hiding).
 11463 | Lair:2   | 11463 ||| Stepping ~*~*~tactically~*~*~ (hiding).
 11465 | Lair:2   | 11465 ||| Stepping ~*~*~tactically~*~*~ (hiding).
 11466 | Lair:2   | 11466 ||| Stepping ~*~*~tactically~*~*~ (hiding).
 11476 | Lair:2   | 11476 ||| Stepping ~*~*~tactically~*~*~ (hiding).
 11477 | Lair:2   | 11477 ||| Stepping ~*~*~tactically~*~*~ (hiding).
 11479 | Lair:2   | 11479 ||| Stepping ~*~*~tactically~*~*~ (hiding).
 11480 | Lair:2   | 11480 ||| Stepping ~*~*~tactically~*~*~ (hiding).
 11482 | Lair:2   | 11482 ||| Stepping ~*~*~tactically~*~*~ (hiding).
 11483 | Lair:2   | 11483 ||| Stepping ~*~*~tactically~*~*~ (hiding).
 11491 | Lair:2   | 11491 ||| Stepping ~*~*~tactically~*~*~ (stealth).
 11492 | Lair:2   | 11492 ||| Stepping ~*~*~tactically~*~*~ (stealth).
 11493 | Lair:2   | 11493 ||| Stepping ~*~*~tactically~*~*~ (stealth).
 11495 | Lair:2   | 11495 ||| Stepping ~*~*~tactically~*~*~ (stealth).
 11497 | Lair:2   | 11497 ||| Stepping ~*~*~tactically~*~*~ (stealth).
 11522 | Lair:2   | 11522 ||| INVOKING Heroism.
 11540 | Lair:2   | Reached *** piety under Okawaru
 11541 | Lair:2   | Reached XP level 12. HP: 57/77 MP: 15/15
 11543 | Lair:2   | Reached skill level 13 in Axes
 11544 | Lair:2   | 11544 ||| INVOKING Heroism.
 11804 | Lair:2   | 11804 ||| Stepping ~*~*~tactically~*~*~ (stealth).
 11806 | Lair:2   | 11806 ||| Stepping ~*~*~tactically~*~*~ (stealth).
 11808 | Lair:2   | 11808 ||| Stepping ~*~*~tactically~*~*~ (hiding).
 11912 | Lair:2   | 11912 ||| RIP GAUNTLET
 11920 | Lair:2   | 11920 ||| PLANNING LAIR
 11924 | Lair:2   | Noticed a seven-headed hydra
 11925 | Lair:2   | 11925 ||| INVOKING Heroism.
 11928 | Lair:2   | 11928 ||| SWAPPING to +0 morningstar.
 11934 | Lair:2   | 11934 ||| Stepping ~*~*~tactically~*~*~ (outnumbered).
 11935 | Lair:2   | 11935 ||| Stepping ~*~*~tactically~*~*~ (outnumbered).
 11937 | Lair:2   | 11937 ||| SWAPPING to +3 broad axe.
 11939 | Lair:2   | 11939 ||| SWAPPING to +0 morningstar.
 11942 | Lair:2   | Killed a seven-headed hydra
 11942 | Lair:2   | Reached **** piety under Okawaru
 11943 | Lair:2   | 11943 ||| SWAPPING to +3 broad axe.
 12002 | Lair:2   | 12002 ||| Stepping ~*~*~tactically~*~*~ (stealth).
 12082 | Lair:2   | Found a staircase to the Swamp.
 12191 | Lair:2   | 12191 ||| Stepping ~*~*~tactically~*~*~ (stealth).
 12657 | Lair:3   | 12657 ||| STAIRDANCE
 12700 | Lair:3   | 12700 ||| INVOKING Heroism.
 12712 | Lair:3   | Reached skill level 14 in Axes
 12913 | Lair:3   | 12913 ||| Stepping ~*~*~tactically~*~*~ (stealth).
 12914 | Lair:3   | 12914 ||| INVOKING Heroism.
 12977 | Lair:3   | Noticed a boulder beetle
 12978 | Lair:3   | 12978 ||| INVOKING Heroism.
 13005 | Lair:3   | Killed a boulder beetle
 13005 | Lair:3   | Reached ***** piety under Okawaru
 13006 | Lair:3   | Reached skill level 6 in Invocations
 13291 | Lair:3   | 13291 ||| Stepping ~*~*~tactically~*~*~ (stealth).
 13293 | Lair:3   | 13293 ||| Stepping ~*~*~tactically~*~*~ (stealth).
 13360 | Lair:3   | Noticed a death yak
 13361 | Lair:3   | Noticed a death yak
 13361 | Lair:3   | Noticed a death yak
 13361 | Lair:3   | Noticed a death yak
 13362 | Lair:3   | 13362 ||| Stepping ~*~*~tactically~*~*~ (stealth).
 13363 | Lair:3   | 13363 ||| INVOKING Heroism.
 13364 | Lair:3   | 13364 ||| INVOKING Finesse.
 13372 | Lair:3   | Killed a death yak
 13376 | Lair:3   | Killed a death yak
 13385 | Lair:3   | Killed a death yak
 13385 | Lair:3   | Identified the +1 kite shield of Giazisua {rPois} (Okawaru
                  | gifted it to you on level 3 of the Lair of Beasts)
 13385 | Lair:3   | Received a gift from Okawaru
 13388 | Lair:3   | Noticed a death yak
 13392 | Lair:3   | Killed a death yak
 13398 | Lair:3   | 13398 ||| INVOKING Heroism.
 13402 | Lair:3   | Killed a death yak
 13403 | Lair:3   | Reached XP level 13. HP: 83/84 MP: 10/18
 13548 | Lair:3   | 13548 ||| INVOKING Heroism.
 13549 | Lair:3   | 13549 ||| INVOKING Finesse.
 13551 | Lair:3   | 13551 ||| SWAPPING to +0 morningstar.
 13559 | Lair:3   | 13559 ||| SWAPPING to +3 broad axe.
 14123 | Lair:3   | 14123 ||| UPGRADING to +1 kite shield of Giazisua {rPois}.
 14133 | Lair:3   | 14133 ||| DROPPING +0 buckler.
 14134 | Lair:3   | 14134 ||| READING 7 scrolls of identify.
 14134 | Lair:3   | 14134 ||| IDENTIFYING grey potion
 14234 | Lair:4   | Found a staircase to the Slime Pits.
 14256 | Lair:4   | 14256 ||| FLEEEEING.
 14257 | Lair:4   | 14257 ||| FLEEEEING.
 14258 | Lair:4   | 14258 ||| FLEEEEING.
 14259 | Lair:4   | 14259 ||| FLEEEEING.
 14260 | Lair:4   | 14260 ||| STAIRDANCE
 14364 | Lair:4   | 14364 ||| STAIRDANCE
 14366 | Lair:3   | 14366 ||| INVOKING Heroism.
 14367 | Lair:3   | 14367 ||| SWAPPING to +0 morningstar.
 14368 | Lair:3   | 14368 ||| INVOKING Finesse.
 14378 | Lair:3   | 14378 ||| SWAPPING to +3 broad axe.
 14420 | Lair:4   | 14420 ||| STAIRDANCE
 14422 | Lair:3   | 14422 ||| INVOKING Heroism.
 14423 | Lair:3   | 14423 ||| INVOKING Finesse.
 14472 | Lair:4   | 14472 ||| STAIRDANCE
 14555 | Lair:4   | 14555 ||| STAIRDANCE
 14557 | Lair:3   | 14557 ||| INVOKING Heroism.
 14565 | Lair:3   | Reached skill level 9 in Invocations
 14730 | Lair:4   | 14730 ||| STAIRDANCE
 14732 | Lair:3   | 14732 ||| INVOKING Heroism.
 14952 | Lair:4   | 14952 ||| STAIRDANCE
 14954 | Lair:3   | 14954 ||| INVOKING Heroism.
 15081 | Lair:4   | 15081 ||| INVOKING Heroism.
 15082 | Lair:4   | 15082 ||| STAIRDANCE
 15096 | Lair:4   | 15096 ||| STAIRDANCE
 15096 | Lair:4   | HP: 2/84 [two-headed ogre simulacrum (27)]
 15438 | Lair:4   | 15438 ||| STAIRDANCE
 15438 | Lair:4   | HP: 12/84 [cane toad simulacrum (14)]
 15737 | Lair:4   | 15737 ||| INVOKING Heroism.
 15832 | Lair:4   | 15832 ||| Stepping ~*~*~tactically~*~*~ (hiding).
 15833 | Lair:4   | 15833 ||| Stepping ~*~*~tactically~*~*~ (hiding).
 15886 | Lair:4   | 15886 ||| INVOKING Heroism.
 16535 | Lair:4   | 16535 ||| UPGRADING to +2 plate armour of cold resistance.
 16545 | Lair:4   | 16545 ||| DROPPING +5 chain mail "Neceaw" {rElec}.
 16546 | Lair:4   | 16546 ||| DROPPING amulet of guardian spirit.
 16579 | Lair:5   | Entered Level 5 of the Lair of Beasts
 16580 | Lair:5   | 16580 ||| STAIRDANCE
 16596 | Lair:5   | 16596 ||| INVOKING Heroism.
 16606 | Lair:5   | Reached skill level 9 in Shields
 16682 | Lair:5   | Noticed Kirke
 16683 | Lair:5   | 16683 ||| INVOKING Heroism.
 16688 | Lair:5   | 16688 ||| SWAPPING to +0 morningstar.
 16691 | Lair:5   | 16691 ||| Stepping ~*~*~tactically~*~*~ (outnumbered).
 16692 | Lair:5   | 16692 ||| Stepping ~*~*~tactically~*~*~ (outnumbered).
 16694 | Lair:5   | 16694 ||| Stepping ~*~*~tactically~*~*~ (outnumbered).
 16695 | Lair:5   | 16695 ||| Stepping ~*~*~tactically~*~*~ (outnumbered).
 16696 | Lair:5   | 16696 ||| Stepping ~*~*~tactically~*~*~ (outnumbered).
 16699 | Lair:5   | 16699 ||| Stepping ~*~*~tactically~*~*~ (outnumbered).
 16700 | Lair:5   | 16700 ||| Stepping ~*~*~tactically~*~*~ (outnumbered).
 16701 | Lair:5   | 16701 ||| Stepping ~*~*~tactically~*~*~ (outnumbered).
 16706 | Lair:5   | 16706 ||| Stepping ~*~*~tactically~*~*~ (outnumbered).
 16706 | Lair:5   | HP: 12/84 [hog[Kirke] (13)]
 16707 | Lair:5   | 16707 ||| READING 7 scrolls of teleportation.
 16708 | Lair:5   | 16708 ||| DRINKING 5 potions of heal wounds.
 16710 | Lair:5   | 16710 ||| INVOKING Heroism.
 16713 | Lair:5   | HP: 20/84 [wolf (11)]
 16713 | Lair:5   | HP: 9/84 [wolf (11)]
 16714 | Lair:5   | 16714 ||| READING 6 scrolls of teleportation.
 16714 | Lair:5   | Slain by a wolf

Levels and vault maps discovered:
D:1:      minmay_arrival_diagonal_passages, layout_rooms,
          minmay_gold_behind_fungi
D:2:      layout_loops_cross, basic_altar, minmay_lizard_pond
D:3:      layout_loops_ring
D:4:      layout_loops_ring, ebering_ghost_sewer_d
D:5:      layout_basic, serial_shops, nicolae_lakefront_shop, minmay_circle_x,
          uniq_edmund, uniq_prince_ribbit1
D:6:      kennysheep_big_flooded_room, layout_basic, minmay_misc_feat_roman
D:7:      layout_loops_ring, minmay_temple_entry_overgrown,
          nicolae_wooded_promenade
D:8:      layout_loops_ring, minmay_chambers_of_fives
D:9:      layout_grid_maze, lair_entry_dummy, uniq_joseph
D:10:     layout_roguey, nicolae_gozag_seed_capital,
          chequers_temple_overflow_minitemple, enter_bailey_8,
          nicolae_diode_basic
Temple:   regret_index_temple_mists
Lair:1:   layout_roguey, grunt_megastairs_5
Lair:2:   layout_long_grid, minmay_swamp_entry_reptiles,
          guppyfry_snake_entry_island, serial_forest,
          infiniplex_forest_clump_small, infiniplex_forest_clump_double,
          infiniplex_forest_lined_3, infiniplex_forest_lined_room_2,
          infiniplex_forest_fountain, infiniplex_forest_lined_2,
          gauntlet_entry_generic, serial_bayou_pond_c, beast_lair_carwin_2
Lair:3:   layout_regular_city, serial_bayou_lagoon_b, grunt_megastairs_3
Lair:4:   dreamdust_isle_of_ice, layout_regular_city, slime_entry_1
Lair:5:   hellmonk_lair_end_abyssal_woods, layout_hall_layers, uniq_kirke

Skill      XL: |  1  2  3  4  5  6  7  8  9 10 11 12 13 |
---------------+----------------------------------------+-----
Axes           | 2 3 4 5 6 7 8 10 11 12 14 | 14.0
Fighting       | 4 5 6 7 9 10 11 | 11.0
Dodging        | 2 |  2.0
Armour         | 5 6 8 |  8.9
Shields        | 4 5 6 7 9 |  9.0
Throwing       | 1 |  1.4
Invocations    | 4 7 10 | 10.0

Action                   |  1- 3 |  4- 6 |  7- 9 | 10-12 | 13-15 || total
-------------------------+-------+-------+-------+-------+-------++-------
Melee: War axe           |    88 |   117 |       |       |       ||   205
       Broad axe         |       |    81 |   251 |   462 |    99 ||   893
       Morningstar       |       |       |     9 |    16 |    19 ||    44
       Unarmed           |       |       |       |       |     9 ||     9
Throw: Boomerang         |       |       |       |    21 |       ||    21
Invok: Heroism           |       |       |       |    13 |    12 ||    25
       Finesse           |       |       |       |     1 |     3 ||     4
  Use: Scroll            |     3 |     8 |    11 |     5 |     3 ||    30
       Potion            |     1 |       |     2 |     1 |     1 ||     5
Armor: Scale mail        |    53 |    56 |       |       |       ||   109
       Chain mail        |       |    75 |   148 |   184 |   119 ||   526
       Plate armour      |       |       |       |   101 |    37 ||   138
Dodge: Dodged            |    39 |    65 |    81 |   173 |    94 ||   452
Block: Buckler           |    16 |    43 |    76 |   259 |     6 ||   400
       Reflection        |       |       |     1 |     6 |     1 ||     8
       Kite shield       |       |       |       |       |   161 ||   161
       Other             |       |       |       |       |     4 ||     4

Table legend:
 A = Non-vault XP
 B = Vault XP
 C = Vault XP percentage of total XP
 D = Non-vault monster count
 E = Vault monster count
 F = Vault count percentage of total count
                 A         B        C        D         E       F
            +---------+---------+-------+---------+---------+-------
      Total |   33768 |   10861 |  24.3 |     277 |      56 |  16.8
            +---------+---------+-------+---------+---------+-------
        D:1 |      20 |       0 |   0.0 |       5 |       0 |   0.0
        D:2 |      62 |       6 |   8.8 |      24 |       6 |  20.0
        D:3 |     111 |       0 |   0.0 |      23 |       0 |   0.0
        D:4 |     149 |       0 |   0.0 |      17 |       0 |   0.0
        D:5 |     813 |     654 |  44.6 |       9 |       7 |  43.8
        D:6 |     807 |    1147 |  58.7 |      24 |       2 |   7.7
        D:7 |     995 |       0 |   0.0 |      21 |       0 |   0.0
        D:8 |    1239 |     333 |  21.2 |      21 |       5 |  19.2
        D:9 |    2856 |     455 |  13.7 |      47 |       1 |   2.1
       D:10 |    1602 |       0 |   0.0 |      12 |       0 |   0.0
     Lair:1 |    3776 |     284 |   7.0 |      14 |       1 |   6.7
     Lair:2 |    6547 |    1659 |  20.2 |      26 |      10 |  27.8
     Lair:3 |   12026 |    4354 |  26.6 |      27 |      13 |  32.5
     Lair:4 |     568 |    1787 |  75.9 |       2 |      10 |  83.3
     Lair:5 |    2197 |     182 |   7.7 |       5 |       1 |  16.7
            +---------+---------+-------+---------+---------+-------
